 Dungeon Crawl Stone Soup version 0.16-a0-3714-geb26cbe (webtiles) character file.

707 Gorice the Slasher (level 7, -1/56 HPs)
             Began as a Demigod Wanderer on Jan 19, 2015.
             Killed from afar by Duvessa (7 damage)
             ... with a wand of flame
             ... on level 5 of the Dungeon on Jan 20, 2015.
             The game lasted 00:41:04 (4443 turns).

Gorice the Slasher (Demigod Wanderer)               Turns: 4443, Time: 00:41:04

Health: -1/56      AC: 12    Str: 16    XL:     7   Next: 16%
Magic:  18/18      EV: 19    Int: 15    God:
Gold:   165        SH:  0    Dex: 24    Spells: 0 memorised, 11 levels left

rFire  . . .     SeeInvis .     a - +1 long sword
rCold  . . .     Clarity  .     p - +1 ring mail
rNeg   . . .     SustAb   +     (no shield)
rPois  .         Gourm    +     (no helmet)
rElec  .         Spirit   .     (no cloak)
rCorr  .         Warding  .     (no gloves)
rMut   .         Stasis   .     (no boots)
MR     .....                    h - amulet of the gourmand
Stlth  +++.......               (no ring)
                                y - +6 ring of protection

@: agile, not resistant to hostile enchantments, fairly stealthy
A: sustain abilities
a: no special abilities


You were on level 5 of the Dungeon.
You were completely stuffed.

You visited 1 branch of the dungeon, and saw 5 of its levels.

You collected 165 gold pieces.

Inventory:

Hand weapons
 a - a +1 long sword (weapon)
 b - a +0 hunting sling
 s - a +0 dagger
 B - a +2 blowgun
Missiles
 t - a curare-tipped needle
 u - 17 poisoned needles
 x - 40 sling bullets
 Z - 107 stones (quivered)
Armour
 d - a +0 robe
 o - a +0 leather armour of cold resistance
   (You took it off an orc on level 4 of the Dungeon)
 p - a +1 ring mail (worn)
 I - a +0 chain mail
Jewellery
 h - an amulet of the gourmand (around neck)
 q - an uncursed ring of fire
 y - a +6 ring of protection (left hand)
 Y - an uncursed amulet of resist mutation
Magical devices
 r - a wand of slowing (18)
Scrolls
 e - 4 scrolls of teleportation
 k - 3 scrolls of enchant weapon
 m - a scroll of remove curse
 A - a scroll of magic mapping
 D - 2 scrolls of immolation
Potions
 c - a potion of lignification
 n - 2 potions of resistance
 v - a potion of ambrosia {unknown}
 C - a potion of cancellation {unknown}
Books
 l - a book of Transfigurations
Comestibles
 f - 4 bread rations
 i - 2 slices of pizza
 j - 4 meat rations
 z - 3 beef jerkies
 E - 6 fruits


   Skills:
 - Level 2.3 Fighting
 - Level 1.0(3.0) Short Blades
 * Level 4.6(4.7) Long Blades
 - Level 1.0 Throwing
 + Level 3.3 Armour
 + Level 3.7 Dodging
 - Level 1.0 Stealth
 - Level 2.6 Spellcasting
   Level 1.0 Conjurations
   Level 1.0 Fire Magic


You had 11 spell levels left.
You didn't know any spells.

Dungeon Overview and Level Annotations

Branches:
Dungeon (5/15)
 Temple: D:4-7

Annotations:
D:2 pUX!, Sigmund
D:5 !, Dowan, Duvessa


Innate Abilities, Weirdness & Mutations

Your attributes are resistant to harm.


Message History

ConnectionFaild's ghost whispers, "It is all a dream - a grotesque and foolish dream."
ConnectionFaild's ghost barely misses you. x2
You slash ConnectionFaild's ghost!
You destroy ConnectionFaild's ghost!
You have reached level 7!
Duvessa gestures with her weapon.
You hit Duvessa.
Duvessa is lightly wounded.
Duvessa closely misses you.
You slash Duvessa!
Duvessa is heavily wounded.
Duvessa zaps a wand.
The puff of flame hits you!
* * * LOW HITPOINT WARNING * * *
You slash Duvessa!
Duvessa is severely wounded.
Duvessa drinks a potion.
Duvessa is healed!
Drink which item? (? for menu, Esc to quit)
Okay, then.
Duvessa zaps a wand.
The puff of flame hits you!
You die...

. ... ###########
..... #.........#
.....## #.........#
......$##.........#
...!..#..#.........#
.......ee..........#
...#..##.#@........#
# #.#....?.>..###
#.#..<)####...##
..#.#### #.....#
#.... ..#.# #.....#
##......... .....#
#.....#
#........>.....###
......#
..#............#
......##
$.............
#..##..#


You could see Duvessa and Dowan.

Vanquished Creatures
  The ghost of ConnectionFaild the Prestidigitator, an experienced SpAr (D:5)
  Grinder (D:4)
  A jelly (D:4)
  A crimson imp (D:4)
  A worker ant (D:5)
  A worker ant zombie (D:5)
  3 adders
  3 gnolls (D:3)
  A giant mite (D:4)
  4 worms
  4 giant geckos
  An ooze (D:1)
  14 orcs
  2 ball pythons
  2 giant cockroaches
  7 hobgoblins
  6 jackals
  6 kobolds
  9 bats
  4 giant newts
  14 goblins
  2 quokkas
  15 rats
103 creatures vanquished.

Notes
Turn   | Place    | Note
--------------------------------------------------------------
     0 | D:1      | Gorice, the Demigod Wanderer, began the quest for the Orb.
     0 | D:1      | Gorice set off with: a curare-tipped needle, a +2 blowgun, 2 potions of lignification, a +0 robe, a bread ration
     0 | D:1      | Reached XP level 1. HP: 17/17 MP: 4/4
     0 | D:1      | +2 blowgun 1 curare that's it!
     0 | D:1      | skills in spells but no books
   112 | D:1      | Reached skill level 2 in Fighting
   173 | D:1      | Reached skill level 1 in Dodging
   345 | D:1      | Reached XP level 2. HP: 21/24 MP: 6/6
   984 | D:2      | Reached skill level 1 in Armour
  1072 | D:1      | Reached XP level 3. HP: 15/30 MP: 8/8
  1293 | D:2      | Noticed Sigmund
  1343 | D:2      | Found a burning altar of Makhleb.
  2168 | D:3      | Reached skill level 2 in Dodging
  2170 | D:3      | Reached skill level 1 in Long Blades
  2293 | D:3      | Reached XP level 4. HP: 37/37 MP: 11/11
  2553 | D:3      | Upgraded the game from 0.16-a0-3708-g05dc7d7 to 0.16-a0-3714-geb26cbe
  2612 | D:3      | Reached skill level 2 in Long Blades
  3089 | D:4      | Reached XP level 5. HP: 32/42 MP: 12/12
  3650 | D:5      | Entered Level 5 of the Dungeon
  3654 | D:5      | Noticed Duvessa
  3658 | D:5      | Noticed Dowan
  3689 | D:5      | Reached skill level 2 in Armour
  3703 | D:5      | Noticed ConnectionFaild's ghost (experienced SpAr)
  3745 | D:5      | Noticed Grinder
  3752 | D:4      | Reached skill level 3 in Long Blades
  3827 | D:5      | Paralysed by Grinder for 6 turns
  3841 | D:5      | Paralysed by Grinder for 3 turns
  3863 | D:4      | Paralysed by Grinder for 5 turns
  3880 | D:4      | Killed Grinder
  3880 | D:4      | Reached skill level 3 in Dodging
  3880 | D:4      | Reached XP level 6. HP: 30/49 MP: 15/15
  4155 | D:4      | Reached skill level 4 in Long Blades
  4155 | D:4      | Reached skill level 3 in Armour
  4434 | D:5      | Killed ConnectionFaild's ghost
  4434 | D:5      | Reached XP level 7. HP: 16/56 MP: 18/18
  4443 | D:5      | Killed from afar by Duvessa

Action                   |  1- 3 |  4- 6 |  7- 9 || total
-------------------------+-------+-------+-------++-------
Melee: Dagger            |   205 |       |       ||   205
       Long sword        |    50 |   218 |     3 ||   271
 Fire: Blowgun           |     9 |    15 |       ||    24
       Hunting sling     |       |     7 |       ||     7
Throw: Stone             |    39 |     9 |       ||    48
Evoke: Wand              |     4 |       |       ||     4
  Use: Scroll            |     4 |    12 |       ||    16
       Potion            |     1 |     4 |       ||     5
 Stab: Sleeping          |       |     2 |       ||     2
  Eat: Chunk             |    19 |     7 |       ||    26

Table legend:
 A = Turns spent in this place as a percentage of turns spent in the entire game.
 B = Non-inter-level travel turns spent in this place as a percentage of non-inter-level travel turns spent in the entire game.
 C = Inter-level travel turns spent in this place as a percentage of turns spent in this place.
 D = Turns resting spent in this place as a percentage of non-inter-level travel turns spent in this place.
 E = Turns spent auto-exploring this place as a percentage of non-inter-level travel turns spent in this place.
 F = Non-inter-level travel turns spent in this place divided by the number of levels of this place that you've seen.
                   A       B       C       D       E      F
               +-------+-------+-------+-------+-------+----------------------
         Total | 100.0 | 100.0 |   0.4 |   1.7 |   2.6 | 446.8
       Dungeon | 100.0 | 100.0 |   0.4 |   1.7 |   2.6 | 446.8
               +-------+-------+-------+-------+-------+----------------------

Vault maps used:
D:1:      lemuel_arrival_rhombus
D:2:      bloody_makhleb, uniq_sigmund
D:4:      first_bread
D:5:      minmay_temple_entry_glassed_door, uniq_grinder, uniq_duvessa
